 Dungeon Crawl Stone Soup version 0.22-a0-422-g9628fc8 (webtiles) character file.

18067 raistware the Destroyer (level 12, -3/74 HPs)
             Began as a Mummy Wizard on May 19, 2018.
             Was a High Priest of Sif Muna.
             Slain by a seven-headed hydra (7 damage)
             ... on level 1 of the Lair of Beasts on May 22, 2018.
             The game lasted 01:37:40 (17074 turns).

raistware the Destroyer (Mummy Wizard)             Turns: 17074, Time: 01:37:41

Health: -3/74      AC:  7    Str: 10    XL:     12   Next: 24%
Magic:  26/35      EV: 28    Int: 25    God:    Sif Muna [*****.]
Gold:   822        SH:  0    Dex: 11    Spells: 8/31 levels left

rFire    x . .     SeeInvis .   H - +2 mace (protect)
rCold    + . .     Gourm    .   (no shield)
rNeg     + + +     Faith    .   a - +0 robe
rPois    ∞         Spirit   .   b - +0 hat
rElec    .         Reflect  .   l - +0 cloak
rCorr    .         Harm     .   w - +0 pair of gloves
MR       +....                  o - +2 pair of boots {Stlth+}
Stlth    +++.......             r - amulet of the acrobat
HPRegen  0.22/turn              e - +3 ring of intelligence
MPRegen  0.24/turn              m - ring of magical power

@: no status effects
A: no food or potions, fire vulnerability, cold resistance 1, negative energy
resistance 3, torment resistance, unbreathing
a: Divine Energy, Channel Magic, Forget Spell, Renounce Religion


You were on level 1 of the Lair of Beasts.
You worshipped Sif Muna.
Sif Muna was extremely pleased with you.
You were not hungry.

You visited 3 branches of the dungeon, and saw 13 of its levels.
You also visited: Ossuary.

You collected 822 gold pieces.

Inventory:

Hand Weapons
 q - a +2 whip of freezing
 E - a +2 dagger of flaming
 H - a +2 mace of protection (weapon)
Armour
 a - a +0 robe (worn)
 b - a +0 hat (worn)
 l - a +0 cloak (worn)
 n - a +1 leather armour of fire resistance
 o - a +2 pair of boots of stealth (worn)
 w - a +0 pair of gloves (worn)
Jewellery
 e - a +3 ring of intelligence (left hand)
 f - an uncursed ring of stealth
 h - an uncursed ring of see invisible
 k - an uncursed amulet of faith
 m - a ring of magical power (right hand)
 r - an amulet of the acrobat (around neck)
 u - an uncursed ring of teleportation
 v - an uncursed ring of resist corrosion
Wands
 j - a wand of paralysis (5)
 s - a wand of polymorph (32)
 y - a wand of acid (10)
 z - a wand of random effects (19)
 A - a wand of enslavement (16)
Scrolls
 c - 2 scrolls of amnesia
 d - a scroll of holy word {unknown}
 g - 8 scrolls of teleportation
 i - 5 scrolls of identify
 p - a scroll of noise
 t - a scroll of fog
 x - a scroll of silence {unknown}
 B - a scroll of random uselessness
 C - a scroll of enchant weapon
 F - a scroll of remove curse
 G - 2 scrolls of enchant armour


   Skills:
 - Level 4.0 Dodging
 - Level 3.0 Stealth
 + Level 10.4 Spellcasting
 * Level 11.0 Conjurations
 + Level 4.9 Hexes
 - Level 1.0 Summonings
 - Level 1.0 Translocations
 - Level 7.0 Fire Magic
 + Level 5.3 Ice Magic
 - Level 1.0 Air Magic
 - Level 1.0 Evocations


You had 8 spell levels left.
You knew the following spells:

 Your Spells              Type           Power        Failure   Level  Hunger
a - Magic Dart            Conj           ####         1%          1    N/A
b - Blink                 Tloc           N/A          4%          2    N/A
c - Call Imp              Summ           ###.....     4%          2    N/A
d - Conjure Flame         Conj/Fire      ######..     1%          3    N/A
e - Mephitic Cloud        Conj/Pois/Air  ####....     2%          3    N/A
f - Confuse               Hex            #####...     1%          3    N/A
g - Apportation           Tloc           ###...       3%          1    N/A
h - Metabolic Englaciati  Hex/Ice        #####.....   16%         5    N/A
i - Stone Arrow           Conj/Erth      #####.       1%          3    N/A

Your spell library contained the following spells:

 Spells                   Type           Power        Failure   Level  Hunger
 Cause Fear               Hex            #####.....   6%          4    N/A
 Slow                     Hex            #####...     1%          2    N/A
 Summon Small Mammal      Summ           ###.         3%          1    N/A
 Animate Skeleton         Necr           N/A          4%          1    N/A
 Summon Demon             Summ           ###.......   65%         5    N/A
 Confusing Touch          Hex            #####.       1%          1    N/A
 Silence                  Hex/Air        ####......   36%         5    N/A
 Lee's Rapid Deconstruct  Erth           ##........   78%         5    N/A
 Portal Projectile        Hex/Tloc       ####..       4%          3    N/A
 Petrify                  Tmut/Erth      ##......     43%         4    N/A
 Darkness                 Hex            #####.....   67%         6    N/A
 Inner Flame              Hex/Fire       #####...     1%          3    N/A
 Fulminant Prism          Conj/Hex       ######....   1%          4    N/A
 Dazzling Spray           Conj/Hex       ######       1%          3    N/A
 Discord                  Hex            #####.....   100%        8    N/A
 Summon Mana Viper        Hex/Summ       ####....     36%         5    N/A
 Gell's Gravitas          Tloc           ###.......   10%         3    N/A
 Yara's Violent Unravell  Hex/Tmut       ####......   43%         5    N/A

Dungeon Overview and Level Annotations

Branches:
Dungeon (11/15)            Temple (1/1) D:6            Lair (1/6) D:11
    Orc (0/2) D:10

Altars:
Ashenzari
Cheibriados
Dithmenos
Elyvilon
Fedhas
Gozag
Hepliaklqana
Kikubaaqudgha
Makhleb
Nemelex Xobeh
Okawaru
Qazlal
Ru
Sif Muna
Trog
Uskayaw
Vehumet
Wu Jian
Xom
Yredelemnul
Zin
The Shining One
Jiyva

Annotations:
D:10 1 runed door, exclusion: door
Lair:1 exclusion: door


Innate Abilities, Weirdness & Mutations

You do not eat or drink.
Your flesh is vulnerable to fire.
You are immune to poison.
Your flesh is cold resistant. (rC+)
You are immune to negative energy. (rN+++)
You are immune to unholy pain and torment.
You can survive without breathing.


Message History

The seven-headed hydra barely misses you. x2
The seven-headed hydra bites you but does no damage.
The seven-headed hydra completely misses you.
The seven-headed hydra closely misses you.
The seven-headed hydra is engulfed in blazing flames.
The seven-headed hydra completely misses you.
The seven-headed hydra bites you. The seven-headed hydra bites you!
* * * LOW HITPOINT WARNING * * *
The seven-headed hydra bites you!
* * * LOW HITPOINT WARNING * * *
The seven-headed hydra closely misses you.
The seven-headed hydra bites you.
* * * LOW HITPOINT WARNING * * *
The seven-headed hydra completely misses you.
Unknown command.
Okay, then.
The seven-headed hydra is engulfed in blazing flames.
The seven-headed hydra bites you but does no damage.
The seven-headed hydra bites you!
You die...

.###...#.....
.........P### ...#
#.###..#### ...# ####..##
... ##.## .. #..# ##§#
###.## ## #..# #.#'#####
#.####D###P###
##......#####...@.......#
#.%....##..............#
#......##.##...........#
##....%.#..##...........#
.+%%.%....P##...../.....#
.#....%.P†###...........#
.#...%%.+.# ............#
##..%%%.#####............
###P#### ###..######


You could see a seven-headed hydra.

Vanquished Creatures
  2 two-headed ogres
  4 death yaks (D:11)
  Pikel (D:4)
  An ugly thing (D:9)
  A manticore (D:11)
  A black mamba (Lair:1)
  6 spiny frogs (Lair:1)
  The ghost of grindst0ne the Skirmisher, a novice OpFi (D:5)
  A queen bee (Lair:1)
  A troll (D:11)
  2 hippogriffs
  16 yaks
  2 shadows (D:11)
  Grum (D:8)
  A wyvern (D:9)
  3 hogs (D:7)
  A human (D:7)
  Duvessa (D:7)
  An acid dragon (D:11)
  3 water moccasins (Lair:1)
  2 orc warriors
  An ice beast (D:6)
  4 porcupines (Lair:1)
  2 phantoms (D:10)
  4 slaves (D:4)
  A black bear (D:10)
  4 sky beasts
  3 wolves (D:8)
  5 centaurs
  An ogre (D:6)
  4 crocodiles
  2 big kobolds
  9 bullfrogs
  A wyvern zombie (D:9)
  3 wyvern skeletons
  4 wights (D:10)
  Dowan (D:7)
  19 killer bees
  An electric eel (D:11)
  A bullfrog zombie (D:7)
  2 crimson imps
  7 hounds
  A quasit (D:10)
  Crazy Yiuf (D:3)
  10 orc priests
  3 bullfrog skeletons
  An iguana (D:4)
  15 orc wizards
  2 centaur skeletons
  A human zombie (Ossuary)
  7 worker ants
  3 big kobold zombies (Ossuary)
  2 mummies (Ossuary)
  2 worker ant zombies
  7 adders
  3 shadow imps
  3 adder zombies (Ossuary)
  An adder skeleton (D:6)
  3 worms
  3 dart slugs
  5 leopard geckos
  38 orcs
  A giant cockroach (D:4)
  4 hobgoblins
  8 jackals
  11 kobolds
  4 quokkas
  2 ball pythons
  A bat (D:3)
  4 frilled lizards
  7 goblins
  A goblin zombie (Ossuary)
  11 hobgoblin zombies (Ossuary)
  2 jackal skeletons
  A jackal zombie (D:7)
  9 kobold zombies (Ossuary)
  6 orc zombies (Ossuary)
  2 quokka skeletons
  A quokka zombie (D:7)
  A rat (D:2)
  2 rat zombies (Ossuary)
320 creatures vanquished.

Vanquished Creatures (collateral kills)
  A sky beast (D:8)
  A necrophage (D:9)
  A crocodile (D:10)
  6 killer bees
  2 crimson imps
  2 orc wizards (D:8)
  Robin (D:2)
  2 orcs (D:10)
  4 goblins (D:2)
  2 hobgoblins (D:2)
  A jackal (D:10)
  2 kobolds (D:10)
25 creatures vanquished.

Vanquished Creatures (others)
  2 killer bees (Lair:1)
  7 fungi (Lair:1)
  3 plants (Lair:1)
12 creatures vanquished.

Grand Total: 357 creatures vanquished

Notes
Turn   | Place    | Note
-------+----------+-------------------------------------------
     0 | D:1      | raistware the Mummy Wizard began the quest for the Orb.
     0 | D:1      | Reached XP level 1. HP: 13/13 MP: 5/5
    28 | D:1      | Reached skill level 1 in Conjurations
   465 | D:1      | Reached XP level 2. HP: 19/19 MP: 2/7
   469 | D:1      | Learned a level 2 spell: Blink
   472 | D:1      | Learned a level 2 spell: Call Imp
   807 | D:2      | Noticed Robin
   821 | D:2      | Killed Robin
   821 | D:2      | Reached skill level 1 in Translocations
   843 | D:2      | Reached skill level 1 in Summonings
  1062 | D:2      | Reached XP level 3. HP: 24/24 MP: 0/8
  1067 | D:2      | Learned a level 3 spell: Conjure Flame
  1169 | D:2      | Found a faded altar of an unknown god.
  1304 | D:2      | Noticed a sky beast
  1312 | D:2      | Killed a sky beast
  1312 | D:2      | Reached skill level 2 in Conjurations
  1312 | D:2      | Reached XP level 4. HP: 22/30 MP: 10/10
  1922 | D:2      | Learned a level 3 spell: Mephitic Cloud
  1932 | D:2      | Reached XP level 5. HP: 27/35 MP: 7/12
  2355 | D:3      | Found a runed door.
  2358 | D:3      | Noticed Crazy Yiuf
  2371 | D:3      | Killed Crazy Yiuf
  2857 | D:4      | Found a sand-covered staircase.
  2865 | Ossuary  | Entered an ossuary
  3062 | Ossuary  | Reached skill level 5 in Spellcasting
  3179 | Ossuary  | Reached skill level 1 in Fire Magic
  3455 | Ossuary  | Reached XP level 6. HP: 41/41 MP: 13/13
  3816 | Ossuary  | Reached skill level 3 in Conjurations
  4429 | D:4      | Noticed a slave
  4433 | D:4      | Noticed a slave
  4435 | D:4      | Noticed a slave
  4436 | D:4      | Noticed a slave
  4437 | D:4      | Noticed Pikel
  4441 | D:4      | Killed a slave
  4445 | D:4      | Killed a slave
  4447 | D:4      | Killed a slave
  4453 | D:4      | Killed a slave
  4479 | D:4      | Killed Pikel
  4479 | D:4      | Reached skill level 4 in Conjurations
  4479 | D:4      | Reached XP level 7. HP: 33/46 MP: 3/14
  5220 | D:5      | Entered Level 5 of the Dungeon
  5268 | D:5      | Found a radiant altar of Vehumet.
  5332 | D:5      | Reached XP level 8. HP: 37/52 MP: 12/15
  5538 | D:5      | Noticed grindst0ne's ghost (novice OpFi)
  5697 | D:5      | Killed grindst0ne's ghost
  5697 | D:5      | Reached skill level 5 in Conjurations
  6016 | D:6      | Found a staircase to the Ecumenical Temple.
  6032 | Temple   | Entered the Ecumenical Temple
  6551 | D:6      | Reached skill level 6 in Conjurations
  6590 | D:6      | Found an iron altar of Okawaru.
  6591 | D:6      | Found a white marble altar of Elyvilon.
  6591 | D:6      | Found a snail-covered altar of Cheibriados.
  6593 | D:6      | Found a deep blue altar of Sif Muna.
  6601 | D:6      | Became a worshipper of Sif Muna the Loreminder
  6758 | D:6      | Found an ornate altar of the Wu Jian Council.
  6789 | D:6      | Learned a level 3 spell: Confuse
  7027 | D:7      | Reached skill level 1 in Air Magic
  7055 | D:7      | Reached skill level 1 in Evocations
  7131 | D:7      | Reached XP level 9. HP: 57/57 MP: 17/17
  7225 | D:7      | Found a blossoming altar of Fedhas.
  7228 | D:7      | Found a stormy altar of Qazlal.
  7249 | D:7      | Noticed Dowan
  7304 | D:7      | Killed Dowan
  7355 | D:7      | Noticed Duvessa
  7395 | D:7      | Killed Duvessa
  7395 | D:7      | Reached skill level 1 in Hexes
  7487 | D:7      | Learned a level 1 spell: Apportation
  7504 | D:7      | Reached * piety under Sif Muna
  7610 | D:7      | Reached skill level 5 in Fire Magic
  7665 | D:7      | Reached skill level 7 in Conjurations
  8309 | D:8      | Reached ** piety under Sif Muna
  8427 | D:8      | Noticed Grum
  8520 | D:8      | Killed Grum
  8778 | D:8      | Found a bloodstained altar of Trog.
  8778 | D:8      | Found a shadowy altar of Dithmenos.
  8882 | D:9      | Reached XP level 10. HP: 51/63 MP: 20/20
  8889 | D:9      | Learned a level 5 spell: Metabolic Englaciation
  8917 | D:9      | Found a sacrificial altar of Ru.
  9522 | D:9      | Noticed a brown ugly thing
  9522 | D:9      | Noticed a two-headed ogre
  9557 | D:9      | Killed a brown ugly thing
  9557 | D:9      | Reached *** piety under Sif Muna
  9557 | D:9      | Reached skill level 8 in Conjurations
  9977 | D:9      | Killed a two-headed ogre
  9977 | D:9      | Reached skill level 1 in Ice Magic
 10280 | D:9      | Found a glowing silver altar of Zin.
 10550 | D:10     | Entered Level 10 of the Dungeon
 11052 | D:10     | Reached **** piety under Sif Muna
 11231 | D:10     | Found a staircase to the Orcish Mines.
 11294 | D:10     | Noticed an angel
 11295 | D:10     | Found a glowing golden altar of the Shining One.
 11297 | D:10     | Found a runed door.
 11401 | D:10     | Noticed a two-headed ogre
 11417 | D:10     | Killed a two-headed ogre
 11417 | D:10     | Reached skill level 9 in Conjurations
 12709 | D:11     | Noticed a death yak
 12770 | D:11     | Reached XP level 11. HP: 61/68 MP: 15/23
 12885 | D:11     | Reached ***** piety under Sif Muna
 12885 | D:11     | Identified Hinkeoll's Grimoire of Captivating Companions (Sif Muna gifted it to you on level 11 of the Dungeon)
 12885 | D:11     | Received a gift from Sif Muna
 13723 | D:11     | Noticed a death yak
 14743 | D:11     | Noticed a death yak
 14906 | D:11     | Noticed a death yak
 14915 | D:11     | Killed a death yak
 14915 | D:11     | Reached skill level 10 in Conjurations
 15484 | D:11     | Killed a death yak
 15486 | D:11     | Killed a death yak
 15486 | D:11     | Killed a death yak
 15510 | D:11     | Identified Sif Muna's Compendium of Dusty Enchantment (Sif Muna gifted it to you on level 11 of the Dungeon)
 15510 | D:11     | Received a gift from Sif Muna
 15837 | D:11     | Found a staircase to the Lair.
 15864 | Lair:1   | Entered Level 1 of the Lair of Beasts
 16041 | Lair:1   | Learned a level 3 spell: Stone Arrow
 16147 | Lair:1   | Reached skill level 10 in Spellcasting
 16174 | Lair:1   | Reached XP level 12. HP: 43/74 MP: 26/26
 16255 | Lair:1   | Reached skill level 5 in Ice Magic
 16800 | Lair:1   | Reached skill level 11 in Conjurations
 17049 | Lair:1   | Noticed a seven-headed hydra
 17074 | Lair:1   | Slain by a seven-headed hydra

Vault maps used:
D:1:      lightli_arrival_windingriver, serial_bayou_pond_d
D:2:      chequers_ecumenical_altar_simple, minmay_randomly_rotated_circles,
          uniq_robin
D:3:      first_ration, uniq_crazy_yiuf_cottage
D:4:      enter_ossuary_5, wad_floor_pattern_untrapped, uniq_pikel
D:5:      basic_altar
D:6:      chequers_temple_overflow_statue_of_worship,
          nicolae_overflow_hidden_temple, minmay_temple_entry_mist
D:7:      grunt_temple_overflow_forces_of_nature, grunt_livestock, uniq_duvessa
D:8:      amethyst_overflow_temple_binary, uniq_grum
D:9:      zin_academy, nicolae_ru_sacrificial_ziggurat
D:10:     david_orc_3, lemuel_angel_altar
D:11:     argonaut_augean_stables, dpeg_lair_monsters
Temple:   pf_slime_end_temple
Lair:1:   beast_lair_carwin_7
Ossuary:  ossuary_tomb_1

Skill      XL: |  1  2  3  4  5  6  7  8  9 10 11 12 |
---------------+-------------------------------------+-----
Conjurations   | 1 2 4 6 7 9 10 11 | 11.0
Translocations | 1 |  1.0
Summonings     | 1 |  1.0
Dodging        | 2 3 4 |  4.0
Stealth        | 2 3 |  3.0
Spellcasting   | 5 7 8 10 | 10.4
Fire Magic     | 1 3 4 5 6 7 |  7.0
Air Magic      | 1 |  1.0
Evocations     | 1 |  1.0
Hexes          | 3 4 |  4.9
Ice Magic      | 3 4 5 |  5.3

Action                   |  1- 3 |  4- 6 |  7- 9 | 10-12 || total
-------------------------+-------+-------+-------+-------++-------
Melee: Whip              |    18 |    25 |    72 |    36 ||   151
       Dagger            |       |       |     7 |       ||     7
       Mace              |       |       |       |    90 ||    90
 Cast: Magic Dart        |    36 |   248 |   197 |   405 ||   886
       Call Imp          |     2 |     3 |    12 |    19 ||    36
       Conjure Flame     |     1 |    12 |    22 |    64 ||    99
       Mephitic Cloud    |       |     5 |    15 |    14 ||    34
       Confuse           |       |       |     1 |    99 ||   100
       Stone Arrow       |       |       |       |    14 ||    14
       Blink             |       |       |       |     1 ||     1
       Metabolic Englaci |       |       |       |     1 ||     1
Evoke: Wand              |       |     2 |       |       ||     2
  Use: Scroll            |       |     9 |     4 |     3 ||    16
 Stab: Confused          |       |     3 |     2 |     3 ||     8
       Paralysed         |       |     1 |       |       ||     1
       Sleeping          |       |       |     1 |     2 ||     3
Armor: Robe              |     5 |    21 |    28 |    88 ||   142
Dodge: Dodged            |    14 |    47 |   103 |   222 ||   386

Table legend:
 A = Spawn XP
 B = Non-spawn XP
 C = Spawn XP percentage of total XP
 D = Spawn monster count
 E = Non-spawn monster count
 F = Spawn count percentage of total count
 G = Total turns spent on level
                    A         B        C        D         E        F      G
               +---------+---------+-------+---------+---------+-------+---------
         Total |       0 |   25810 |   0.0 |       0 |     343 |   0.0 | 17074
               +---------+---------+-------+---------+---------+-------+---------
           D:1 |       0 |      13 |   0.0 |       0 |       7 |   0.0 |   721
           D:2 |       0 |     221 |   0.0 |       0 |      28 |   0.0 |  1510
           D:3 |       0 |      71 |   0.0 |       0 |      13 |   0.0 |   578
           D:4 |       0 |     845 |   0.0 |       0 |      14 |   0.0 |  1366
           D:5 |       0 |     584 |   0.0 |       0 |      15 |   0.0 |   796
           D:6 |       0 |     713 |   0.0 |       0 |      20 |   0.0 |   834
           D:7 |       0 |    1535 |   0.0 |       0 |      20 |   0.0 |  1145
           D:8 |       0 |    1305 |   0.0 |       0 |      19 |   0.0 |   719
           D:9 |       0 |    2270 |   0.0 |       0 |      18 |   0.0 |  1677
          D:10 |       0 |    3109 |   0.0 |       0 |      59 |   0.0 |  2149
          D:11 |       0 |    8948 |   0.0 |       0 |      44 |   0.0 |  3165
        Lair:1 |       0 |    5994 |   0.0 |       0 |      48 |   0.0 |  1210
       Ossuary |       0 |     202 |   0.0 |       0 |      38 |   0.0 |  1045
               +---------+---------+-------+---------+---------+-------+---------
